 Dungeon Crawl Stone Soup version 0.20-a0-1127-g1289703 (webtiles) character file.

54 Lexie the Firebug (level 3, -2/21 HPs)
             Began as an Octopode Fire Elementalist on May 18, 2017.
             Slain by Natasha (5 damage)
             ... on level 2 of the Dungeon.
             The game lasted 00:01:11 (1365 turns).

Lexie the Firebug (Octopode Fire Elementalist)      Turns: 1365, Time: 00:01:12

Health: -2/21      AC:  1    Str:  7    XL:     3   Next: 91%
Magic:  14/16      EV: 13    Int: 18    God:
Gold:   110        SH:  0    Dex: 12    Spells: 6/7 levels left

rFire    . . .     SeeInvis .   c - +0 dagger
rCold    . . .     Gourm    .   (no shield)
rNeg     . . .     Faith    .   (helmet restricted)
rPois    .         Spirit   .   (no amulet)
rElec    .         Reflect  .   d - ring of magical power
rCorr    .         Harm     .   (no ring)
MR       .....                  (no ring)
Stlth    +++.......             (no ring)
Regen    0.1/turn               (no ring)
MPRegen  0.2/turn               (no ring)
                                (no ring)
                                (no ring)

@: slowed, very slow
A: almost no armour, stealthy swim, amphibious, 8 rings, constrict 8, camouflage
1, gelatinous body 1
a: no special abilities


You were on level 2 of the Dungeon.
You were hungry.

You visited 1 branch of the dungeon, and saw 2 of its levels.

You collected 110 gold pieces.

Inventory:

Hand Weapons
 c - a +0 dagger (weapon)
Jewellery
 d - a ring of magical power (left tentacle)
Scrolls
 e - 2 scrolls of remove curse {unknown}
 f - a scroll of noise {unknown}
 k - a scroll of identify {unknown}
Potions
 g - a potion of heal wounds {unknown}
 h - a potion of might {unknown}
 i - a potion of curing
 j - 2 potions of mutation {unknown}
Books
 a - a book of Flames

   Spells                             Type                      Level
   a - Flame Tongue                   Conjuration/Fire             1
   b - Throw Flame                    Conjuration/Fire             2
   c - Conjure Flame                  Conjuration/Fire             3
   d - Inner Flame                    Hexes/Fire                   3
   e - Sticky Flame                   Conjuration/Fire             4
   f - Fireball                       Conjuration/Fire             5
Comestibles
 b - 2 bread rations


   Skills:
 - Level 2.0 Dodging
 - Level 2.6 Stealth
 * Level 2.9 Spellcasting
 * Level 2.2 Conjurations
 + Level 3.3 Fire Magic


You had 6 spell levels left.
You knew the following spells:

 Your Spells              Type           Power        Failure   Level  Hunger
a - Flame Tongue          Conj/Fire      ##...        5%          1    None


Dungeon Overview and Level Annotations

Branches:
Dungeon (2/15)

Altars:

Annotations:
D:2 Natasha


Innate Abilities, Weirdness & Mutations

You cannot wear most types of armour.
You are very stealthy in the water. (Stealth+)
You are amphibious.
You can wear up to eight rings at the same time.
You can use your tentacles to constrict eight enemies at once.
Your skin changes colour to match your surroundings (Stealth+).
Your rubbery body absorbs attacks. (AC +1, EV +1)


Message History

You feel yourself slow down.
Memorise Throw Flame, consuming 2 spell levels and leaving 4?
Natasha howls an incantation.
Natasha shimmers violently.
You start memorising the spell.
You continue memorising.
Natasha mumbles some strange words.
You continue memorising.
The crimson imp blinks!
Natasha stares at you and mumbles some strange words.
Your memorisation is interrupted.
The magic dart hits you!
* * * LOW HITPOINT WARNING * * *
Casting: Flame Tongue
Confirm with . or Enter, or press ? or * to list all spells.
Aiming: Flame Tongue
Press: ? - help, Shift-Dir - straight line, f - Natasha
Aim: Natasha The flame tongue hits Natasha.
Natasha is heavily wounded.
Natasha claws you.
You die...

#..
########..........
#. #.......... #.
#######....)...).
#..........$.....
#.....ยง..##......
#....)...# ......
#..5.%...# ......
#....h...# !..
#.?..@...# ...
#........#
...........#
...........#
...........#
############


You could see Natasha and a crimson imp.

Vanquished Creatures
  Natasha (D:2)
  A leopard gecko (D:1)
  2 bats
  A giant cockroach (D:1)
  3 goblins (D:1)
  5 hobgoblins
  2 jackals (D:1)
  8 kobolds
  A ball python (D:1)
  A rat (D:1)
25 creatures vanquished.

Notes
Turn   | Place    | Note
-------+----------+-------------------------------------------
     0 | D:1      | Lexie the Octopode Fire Elementalist began the quest for the Orb.
     0 | D:1      | Reached XP level 1. HP: 11/11 MP: 3/3
   226 | D:1      | Reached XP level 2. HP: 17/17 MP: 1/5
  1022 | D:1      | Reached XP level 3. HP: 19/21 MP: 6/6
  1309 | D:2      | Noticed Natasha
  1319 | D:2      | Killed Natasha
  1358 | D:2      | Noticed Natasha
  1365 | D:2      | Slain by Natasha

Vault maps used:
D:1:      dpeg_chamrin_arrival_tetris, minmay_small_reverse_x
D:2:      kiku_gazebo_pond_becter, uniq_natasha

Skill      XL: |  1  2  3 |
---------------+----------+-----
Conjurations   | 2 |  2.2
Dodging        | |  2.0
Stealth        | |  2.6
Spellcasting   | |  2.9
Fire Magic     | |  3.3

Action                   || total
-------------------------++-------
Melee: Dagger            ||    10
       Tentacles         ||     4
       Constrict         ||     3
 Cast: Flame Tongue      ||    40
  Eat: Chunk             ||     1
Armor: Skin              ||     3
Dodge: Dodged            ||    15
